 Dungeon Crawl Stone Soup version 0.26.0-10-g1f06aea511 (webtiles) character file.

Game seed: 12458563022719135244

1116 hawla the Conjurer (level 8, -1/67 HPs)
             Began as a Black Draconian Conjurer on Jan 13, 2021.
             Was a Follower of Vehumet.
             Slain by an orc warrior
             ... wielding a +0 glaive
              (10 damage)
             ... on level 6 of the Dungeon.
             The game lasted 00:13:30 (5765 turns).

hawla the Conjurer (Black Draconian Conjurer)       Turns: 5765, Time: 00:13:30

Health: -1/67      AC:  7    Str: 10    XL:     8   Next: 12%
Magic:  2/15       EV: 12    Int: 20    God:    Vehumet [*.....]
Gold:   183        SH:  0    Dex: 10    Spells: 8/16 levels left

rFire    . . .     SeeInvis +   a - +1 whip
rCold    . . .     Faith    .   (no shield)
rNeg     . . .     Spirit   .   (armour unavailable)
rPois    .         Reflect  .   (helmet restricted)
rElec    +         Harm     .   (no cloak)
rCorr    .         Rampage  .   (no gloves)
Will     .....                  s - +0 pair of boots
Stlth    ++........             (no amulet)
HPRegen  0.21/turn              f - ring of see invisible
MPRegen  0.14/turn              (no ring)

@: no status effects
A: breathe lightning, unfitting armour, electricity resistance, cold-blooded, AC
+6
a: Breathe Lightning, Renounce Religion


You were on level 6 of the Dungeon.
You worshipped Vehumet.
Vehumet was aware of your devotion.
You visited 1 branch of the dungeon, and saw 6 of its levels.

You collected 183 gold pieces.

Inventory:

Hand Weapons
 a - a +1 whip (weapon)
Missiles
 d - 4 boomerangs (quivered)
 p - 6 curare-tipped darts
Armour
 s - a +0 pair of boots (worn)
Jewellery
 f - a ring of see invisible (left hand)
Scrolls
 b - a scroll of enchant weapon
 k - a scroll of magic mapping
 l - 4 scrolls of teleportation
 m - 3 scrolls of remove curse
Potions
 c - a potion of heal wounds
 e - 3 potions of mutation {unknown}
 g - 3 potions of degeneration {unknown}
 h - 4 potions of haste {unknown}
 i - 2 potions of lignification {unknown}
 j - 2 potions of attraction {unknown}
 n - 2 potions of flight {unknown}
 o - 3 potions of curing {unknown}
 q - a potion of brilliance
 r - a potion of invisibility


   Skills:
 - Level 4.5 Fighting
 - Level 2.0 Dodging
 - Level 2.0 Stealth
 + Level 4.7 Spellcasting
 + Level 6.1 Conjurations
 + Level 4.0 Translocations
 + Level 2.4 Ice Magic


You had 8 spell levels left.
You knew the following spells:

 Your Spells              Type           Power        Failure   Level
a - Magic Dart            Conj           100%         1%          1
b - Searing Ray           Conj           58%          1%          2
c - Iskenderun's Mystic   Conj/Tloc      25%          14%         4
d - Freeze                Ice            56%          4%          1

Your spell library contained the following spells:

 Spells                   Type           Power        Failure   Level
 Dazzling Flash           Conj/Hex       34%          10%         3
 Fulminant Prism          Conj/Hex       8%           32%         4


Dungeon Overview and Level Annotations

Branches:
Dungeon (6/15)
 Temple: D:4-7

Altars:
Hepliaklqana
Qazlal
Trog
Vehumet
Wu Jian

Annotations:
D:5 2 runed translucent doors


Innate Abilities, Weirdness & Mutations

You can breathe wild blasts of lightning.
Your glossy black scales are hard. (AC +6)
You cannot fit into any form of body armour.
You are resistant to electric shocks. (rElec)
You are cold-blooded and may be slowed by cold attacks.


Message History

The orc warrior is almost dead.
The orc hits you but does no damage.
The orc warrior hits you from afar with a +0 glaive.
The searing ray hits the orc!
You kill the orc!
Vehumet accepts your kill.
The searing ray hits the orc warrior but does no damage.
The orc warrior is almost dead.
Throw: 4 boomerangs
Press: ? - help, Q - select action, (/) - cycle Shift-Dir - straight line, f/p - orc warrior
Aim: an orc warrior, wielding a +0 glaive and wearing a +0 plate armour (almost dead)
You throw a boomerang.
The boomerang hits the orc warrior but does no damage.
The orc warrior is almost dead.
The orc warrior barely misses you.
You aren't carrying any items that you can evoke.
The orc warrior hits you with a +0 glaive!!
* * * LOW HITPOINT WARNING * * *
The orc warrior hits you from afar with a +0 glaive!
You die...

########......##+#
#.........._..##.#
#.............##.#
..............##.#
#.............##.#
#.............##.#
#.............##.#
#........o.....#.###
#..........@.......#
######.........#.#.#########
#...........#...#......
#...######..###.#.##### #...
#..# #..<..... #### #..#
######... #.>. ## ####


You could see an orc warrior.

Vanquished Creatures
  Prince Ribbit (D:5)
  A black bear (D:6)
  3 ogres
  A bullfrog (D:5)
  A scorpion (D:5)
  A bullfrog zombie (D:5)
  2 orc priests
  2 hounds
  An orc wizard (D:5)
  An iguana (D:5)
  A worker ant (D:4)
  4 gnolls
  7 adders
  A white imp (D:5)
  An adder skeleton (D:4)
  2 worms
  A dart slug (D:1)
  8 leopard geckos
  17 orcs
  2 ball pythons (D:3)
  11 bats
  11 giant cockroaches
  6 goblins
  8 hobgoblins
  5 quokkas
  5 frilled lizards
  4 kobolds
  6 rats
114 creatures vanquished.

Notes
Turn   | Place    | Note
-------+----------+-------------------------------------------
     0 | D:1      | hawla the Draconian Conjurer began the quest for the Orb.
     0 | D:1      | Reached XP level 1. HP: 14/14 MP: 3/3
   218 | D:1      | Reached XP level 2. HP: 22/22 MP: 3/5
   266 | D:1      | Learned a level 2 spell: Searing Ray
   444 | D:1      | Reached skill level 1 in Fighting
   546 | D:1      | Reached XP level 3. HP: 28/28 MP: 0/6
  1577 | D:2      | Reached XP level 4. HP: 36/36 MP: 4/8
  1623 | D:2      | Learned a level 4 spell: Iskenderun's Mystic Blast
  1746 | D:2      | Found an ornate altar of the Wu Jian Council.
  1924 | D:2      | Found a hazy altar of Hepliaklqana.
  2126 | D:3      | Found a radiant altar of Vehumet.
  2146 | D:3      | Became a worshipper of Vehumet
  2572 | D:3      | Reached skill level 1 in Translocations
  2650 | D:3      | Found a stormy altar of Qazlal.
  2973 | D:3      | Reached XP level 5. HP: 42/42 MP: 6/9
  3144 | D:4      | Noticed an ogre
  3152 | D:4      | Killed an ogre
  3258 | D:4      | Reached skill level 5 in Conjurations
  3445 | D:4      | Reached * piety under Vehumet
  3445 | D:4      | Offered knowledge of Freeze by Vehumet.
  3446 | D:4      | Reached XP level 6. HP: 51/51 MP: 5/11
  4143 | D:5      | Entered Level 5 of the Dungeon
  4303 | D:5      | Your scales start taking on a glossy black colour.
  4303 | D:5      | Reached XP level 7. HP: 58/58 MP: 6/12
  4303 | D:5      | Gained mutation: You are resistant to electric shocks.
                  | (rElec) [Black Draconian growth]
  4305 | D:5      | Learned a level 1 spell: Freeze
  4574 | D:5      | Found a runed translucent door.
  4575 | D:5      | Found a runed translucent door.
  4615 | D:5      | Noticed Prince Ribbit
  4624 | D:5      | Reached skill level 1 in Ice Magic
  4648 | D:5      | Killed Prince Ribbit
  5073 | D:5      | Reached skill level 6 in Conjurations
  5217 | D:5      | Reached XP level 8. HP: 46/67 MP: 7/14
  5718 | D:6      | Found a bloodstained altar of Trog.
  5765 | D:6      | Slain by an orc warrior

Illustrated notes

Levels and vault maps discovered:
D:1:      lemuel_arrival_hallway, layout_basic
D:2:      layout_rooms, nzn_wu_jian_council_hall, nzn_hepliaklqana_mist_gate
D:3:      layout_rooms, old_standard_altar, dk_vineyard_1, grunt_qazlal_clouds
D:4:      layout_loops_ring
D:5:      lemuel_insect_pit, layout_loops_ring, uniq_prince_ribbit1
D:6:      layout_basic, overflow_temple_1_default, hangedman_decor_points,
          minmay_a_box_with_orc_wizards_in_it

Skill      XL: |  1  2  3  4  5  6  7  8 |
---------------+-------------------------+-----
Stealth        | 2 |  2.0
Dodging        | 2 |  2.0
Fighting       | 1 2 3 4 |  4.5
Spellcasting   | 3 4 |  4.7
Translocations | 1 2 3 4 |  4.0
Conjurations   | 5 6 |  6.1
Ice Magic      | 2 |  2.4

Action                   |  1- 3 |  4- 6 |  7- 9 || total
-------------------------+-------+-------+-------++-------
Melee: Unarmed           |     9 |       |       ||     9
       Whip              |    15 |    18 |     2 ||    35
       Tailslap          |     1 |       |       ||     1
Throw: Boomerang         |       |       |     1 ||     1
 Cast: Magic Dart        |    47 |    49 |     9 ||   105
       Searing Ray       |    12 |    33 |    18 ||    63
       Freeze            |       |       |     2 ||     2
       Iskenderun's Myst |       |       |     3 ||     3
  Use: Scroll            |     2 |     7 |       ||     9
       Potion            |       |       |     2 ||     2
 Stab: Sleeping          |       |     1 |       ||     1
Armor: Skin              |    15 |    13 |     6 ||    34
Dodge: Dodged            |    25 |    29 |    16 ||    70
